 Dungeon Crawl Stone Soup version 0.29.1-1-gd02db6906a (webtiles) character file.

Game seed: 8378898604591434682

36 xian the Grasshopper (level 3, 0/27 HPs)
             Began as a Demonspawn Warper on Sept 29, 2022.
             Slain by a goblin
             ... wielding a +0 club
             ... led by Robin
              (5 damage)
             ... on level 2 of the Dungeon.
             The game lasted 00:02:17 (1776 turns).

xian the Grasshopper (Demonspawn Warper)            Turns: 1776, Time: 00:02:18

Health: 0/27       AC:  3    Str: 11    XL:     3   Next: 19%
Magic:  6/6        EV: 12    Int: 16    God:
Gold:   65         SH:  0    Dex: 18    Spells: 6/6 levels left

rFire   . . .      SeeInvis .   a - +0 hand axe
rCold   . . .      Faith    .   (no shield)
rNeg    . . .      Spirit   .   b - +0 leather armour
rPois   .          Reflect  .   (no helmet)
rElec   .          Harm     .   (no cloak)
rCorr   .          Rampage  .   (no gloves)
Will    .....                   (no boots)
Stlth   +.........              (no amulet)
HPRegen 0.09/turn               i - +6 ring of dexterity
MPRegen 0.10/turn               (no ring)

@: no status effects
A: demonic touch 1
a: no special abilities


You were on level 2 of the Dungeon.
You visited 1 branch of the dungeon, and saw 2 of its levels.

You collected 65 gold pieces.

Inventory:

Hand Weapons
 a - a +0 hand axe (weapon)
Missiles
 d - 7 boomerangs of dispersal (quivered)
Armour
 b - a +0 leather armour (worn)
Jewellery
 i - a +6 ring of dexterity (left hand)
Scrolls
 c - a scroll of blinking
 e - a scroll of vulnerability {unknown}
 j - a scroll of identify {unknown}
Potions
 f - 2 potions of haste {unknown}
 g - a potion of heal wounds {unknown}
 h - a potion of curing {unknown}
 k - a potion of degeneration {unknown}


   Skills:
 + Level 2.1 Fighting
 + Level 2.0 Axes
 + Level 0.8 Throwing
 + Level 1.4 Armour
 + Level 1.8 Dodging
 + Level 0.1 Stealth
 + Level 2.1 Spellcasting
 + Level 3.2 Translocations


You had 6 spell levels left.
You didn't know any spells.
Your spell library contained the following spells:

 Spells                   Type           Power      Damage    Failure   Level
 Blink                    Tloc           24%        N/A       11%         2
 Gell's Gravitas          Tloc           12%        N/A       22%         3
 Lesser Beckoning         Tloc           12%        N/A       22%         3
 Teleport Other           Tloc           12%        N/A       22%         3
 Manifold Assault         Tloc           12%        N/A       89%         5


Dungeon Overview and Level Annotations

Branches:
Dungeon (2/15)

Altars:


Innate Abilities, Weirdness & Mutations

Your touch may inflict minor irresistible damage on your foes.


Message History

Robin roars a battlecry!
The goblin goes into a battle-frenzy!
You hear a shout!
Unknown command.
You slash Robin!
You kill Robin!
A hobgoblin comes into view.
The goblin shoots a sling bullet.
The sling bullet barely misses you.
You have reached level 3!
Your experience leads to an increase in your attributes!
Your base attributes are Str 11, Int 14, Dex 12.
Increase (S)trength, (I)ntelligence, or (D)exterity?
You feel clever. x2
The goblin hits you with a +0 club.
A goblin comes into view. It is wielding a +0 dagger.
The goblin unwields a +0 sling.
The goblin wields a +0 club.
The goblin hits you but does no damage.
Items here: ! )) [[ †.
You hit the goblin.
You touch the goblin.
You kill the goblin!
You barely miss the goblin. The goblin closely misses you.
A hobgoblin comes into view.
The hobgoblin hits you but does no damage.
The goblin unwields a +0 dagger.
The goblin wields a +0 sling.
The goblin shoots a sling bullet.
The sling bullet hits you.
Things that are here:
a +0 club; a +0 sling A goblin comes into view.
It is wielding a +0 dagger.
The hobgoblin barely misses you. The goblin hits you with a +0 club.
* * * LOW HITPOINT WARNING * * *
The goblin unwields a +0 sling.
The goblin wields a +0 dagger.
The goblin hits you but does no damage.
You hit the hobgoblin but do no damage. You hit the goblin but do no damage. x2
A goblin comes into view. It is wielding a +0 dagger.
The goblin closely misses you.
The hobgoblin hits you but does no damage.
The goblin hits you with a +0 dagger.
* * * LOW HITPOINT WARNING * * *
The goblin hits you with a +0 club.
You die...

..... ..# .
...### g... ..
.g.## #g../ .. #
#..##.....
#.#.#......)..
##...#.g.....##
##.....gg###.###
.......g†## ..#
<....>.#@g# #.#
#......##g####.#
...###....).##.#
###
####......####
###.......#
#.......#######
##.......†.....
#......#######
#......#


You could see 2 hobgoblins and 5 goblins.

Vanquished Creatures
  Robin (D:2)
  A bat (D:1)
  An endoplasm (D:2)
  4 goblins
  2 hobgoblins
  5 jackals (D:1)
  A quokka (D:2)
  A ball python (D:1)
  3 kobolds (D:1)
  3 rats
22 creatures vanquished.

Notes
Turn   | Place    | Note
-------+----------+-------------------------------------------
     0 | D:1      | xian the Demonspawn Warper began the quest for the Orb.
     0 | D:1      | Reached XP level 1. HP: 16/16 MP: 3/3
   217 | D:1      | Reached skill level 3 in Translocations
   577 | D:1      | Gained mutation: Your touch may inflict minor irresistible
                  | damage on your foes. [demonic ancestry]
   577 | D:1      | Reached XP level 2. HP: 20/22 MP: 5/5
   585 | D:1      | Reached skill level 1 in Armour
  1759 | D:2      | Noticed Robin
  1771 | D:2      | Killed Robin
  1772 | D:2      | Reached XP level 3. HP: 18/27 MP: 6/6
  1776 | D:2      | Slain by a goblin

Illustrated notes

Levels and vault maps discovered:
D:1:      arrival_zaba_pyramid, layout_basic, hangedman_decor_slide_cut,
          corexii_hall_statues_i, solitary_fountain
D:2:      layout_rooms, minivault_26, uniq_robin

Skill      XL: |  1  2 |
---------------+-------+-----
Translocations | 3 |  3.2
Axes           | 2 |  2.0
Armour         | 1 |  1.4
Fighting       | |  2.1
Throwing       | |  0.8
Dodging        | |  1.8
Stealth        | |  0.1
Spellcasting   | |  2.1

Action                   || total
-------------------------++-------
Melee: Hand axe          ||    65
       Touch             ||     7
       Punch             ||     2
Armor: Leather armour    ||    20
Dodge: Dodged            ||    53
